 Dungeon Crawl Stone Soup version 0.26.1-11-gd32895ea62 (webtiles) character file.

Game seed: 16765179859313710667

219 Zeld the Twirler (level 5, -2/34 HPs)
             Began as an Octopode Gladiator on May 22, 2021.
             Slain by a wight
             ... wielding a +0 long sword
              (6 damage)
             ... on level 6 of the Dungeon.
             The game lasted 00:01:43 (2310 turns).

Zeld the Twirler (Octopode Gladiator)               Turns: 2310, Time: 00:01:44

Health: -2/34      AC:  1    Str: 14    XL:     5   Next: 96%
Magic:  5/5        EV: 14    Int: 11    God:
Gold:   69         SH:  0    Dex: 13    Spells: 4/4 levels left

rFire    . . .     SeeInvis .   a - +0 quarterstaff
rCold    . . .     Faith    .   (shield currently unavailable)
rNeg     . . .     Spirit   .   b - +0 hat
rPois    .         Reflect  .   (no amulet)
rElec    .         Harm     .   (no ring)
rCorr    .         Rampage  .   (no ring)
Will     .....                  (no ring)
Stlth    ++........             (no ring)
HPRegen  0.11/turn              (no ring)
MPRegen  0.09/turn              (no ring)
                                (no ring)
                                (no ring)

@: no status effects
A: almost no armour, stealthy swim, amphibious, 8 rings, constrict 8, camouflage
1, gelatinous body 1
a: no special abilities


You were on level 6 of the Dungeon.
You visited 1 branch of the dungeon, and saw 6 of its levels.

You collected 69 gold pieces.

Inventory:

Hand Weapons
 a - a +0 quarterstaff (weapon)
Missiles
 c - 3 throwing nets (quivered)
Armour
 b - a +0 hat (worn)
Scrolls
 d - 2 scrolls of remove curse {unknown}
 e - 3 scrolls of identify {unknown}
 h - a scroll of enchant weapon {unknown}
Potions
 f - 2 potions of heal wounds {unknown}
 g - a potion of mutation {unknown}


   Skills:
 - Level 2.0 Fighting
 * Level 6.4 Staves
 - Level 2.0 Throwing
 - Level 3.0 Dodging


You had 4 spell levels left.
You didn't know any spells.
Your spell library contained the following spells:

 Spells                   Type           Power        Failure   Level
 Animate Skeleton         Necr           0%           34%         1
 Apportation              Tloc           0%           34%         1
 Corona                   Hex            0%           34%         1
 Summon Small Mammal      Summ           0%           34%         1


Dungeon Overview and Level Annotations

Branches:
Dungeon (6/15)
 Temple: D:4-7

Altars:
Nemelex Xobeh


Innate Abilities, Weirdness & Mutations

You cannot wear most types of armour.
You are very stealthy in the water. (Stealth+)
You are amphibious.
You can wear up to eight rings at the same time.
You can use your tentacles to constrict eight enemies at once.
Your skin changes colour to match your surroundings (Stealth+).
Your rubbery body absorbs attacks. (AC +1, EV +1)


Message History

You hit the wight. Your grab misses the wight. You squeeze the wight.
The wight is almost destroyed.
The wight barely misses you.
You hit the wight but do no damage. Your grab misses the wight.
The wight is almost destroyed.
The wight hits you with a cursed +0 scimitar!
* * * LOW HITPOINT WARNING * * *
You are too injured to fight recklessly!
You hit the wight. Your grab misses the wight. You squeeze the wight.
You destroy the wight!
You closely miss the wight. You grab the wight.
You constrict the wight, but do no damage.
The wight barely misses you.
You hit the wight but do no damage. Your squeeze misses the wight.
You constrict the wight. You sock the wight!
The wight is heavily damaged.
You constrict the wight.
The wight hits you with a +0 long sword.
You die...

..## .....#
......#
.......#### ##
........#.##.#
..#..........##
#.............#
.........@....#
..#...#..z.####
......##..##
.........)#.##
..... #......##
.....#....#.....##
#......##.#......#
##........#......#
....###...#.<..###


You could see a wight.

Vanquished Creatures
  A wight (D:6)
  A worker ant (D:5)
  Natasha (thrice) (D:4)
  4 adders
  2 ufetubi
  2 worms (D:2)
  2 dart slugs (D:1)
  2 goblins
  3 hobgoblins
  2 jackals (D:4)
  4 bats
  A frilled lizard (D:2)
  2 kobolds
  2 leopard gecko skeletons
  A quokka skeleton (D:4)
  A rat (D:1)
33 creatures vanquished.

Notes
Turn   | Place    | Note
-------+----------+-------------------------------------------
     0 | D:1      | Zeld the Octopode Gladiator began the quest for the Orb.
     0 | D:1      | Reached XP level 1. HP: 14/14 MP: 1/1
   139 | D:1      | Reached XP level 2. HP: 19/19 MP: 2/2
   949 | D:2      | Reached skill level 4 in Staves
  1061 | D:3      | Reached XP level 3. HP: 24/24 MP: 3/3
  1668 | D:4      | Noticed Natasha
  1675 | D:4      | Killed Natasha
  1676 | D:4      | Reached skill level 5 in Staves
  1676 | D:4      | Reached XP level 4. HP: 29/29 MP: 4/4
  1721 | D:4      | Noticed Natasha
  1729 | D:4      | Killed Natasha
  1931 | D:4      | Noticed Natasha
  1940 | D:4      | Killed Natasha
  1941 | D:4      | Reached XP level 5. HP: 17/34 MP: 5/5
  2152 | D:5      | Entered Level 5 of the Dungeon
  2246 | D:5      | Found a sparkling altar of Nemelex Xobeh.
  2250 | D:5      | Reached skill level 6 in Staves
  2310 | D:6      | Slain by a wight

Illustrated notes

Levels and vault maps discovered:
D:1:      dpeg_arrival_more_subterranean_lakeside_camping, layout_basic
D:2:      layout_loops_ring, minmay_worlds_worst_comb
D:3:      layout_rooms, nicolae_qazlal_eye_of_the_storm
D:4:      layout_gridville, uniq_natasha
D:5:      layout_rooms, nemelex_xobeh_ov_fountains_minmay, lemuel_round_altar
D:6:      layout_cave_pools, okawaru_gym_becter, old_standard_altar,
          basic_altar, enter_ossuary_3

Skill      XL: |  1  2  3  4  5 |
---------------+----------------+-----
Staves         | 4 5 6 |  6.4
Fighting       | |  2.0
Throwing       | |  2.0
Dodging        | |  3.0

Action                   |  1- 3 |  4- 6 || total
-------------------------+-------+-------++-------
Melee: Quarterstaff      |    50 |    38 ||    88
       Constrict         |    16 |     8 ||    24
       Tentacles         |     6 |    10 ||    16
Armor: Skin              |     5 |     1 ||     6
Dodge: Dodged            |    28 |    26 ||    54
